 Dungeon Crawl Stone Soup version 0.19.0-9-gfd783f2 (webtiles) character file.

170 N00M the Skirmisher (level 5, -5/42 HPs)
             Began as a Demonspawn Abyssal Knight on Nov 8, 2016.
             Was a Believer of Lugonu.
             Slain by Sigmund
             ... wielding a +2 vampiric scythe
              (9 damage)
             ... on level 3 of the Dungeon.
             The game lasted 00:33:54 (3054 turns).

N00M the Skirmisher (Demonspawn Abyssal Knight)     Turns: 3054, Time: 00:33:55

Health: -5/42      AC:  8    Str: 13    XL:     5   Next: 25%
Magic:  6/6        EV:  9    Int: 13    God:    Lugonu [**....]
Gold:   183        SH:  0    Dex: 13    Spells: 0 memorised, 4 levels left

rFire  . . .     SeeInvis .     k - +1 hand axe (elec)
rCold  + + +     Gourm    .     i - +0 scale mail
rNeg   . . .     Faith    .     (no shield)
rPois  .         Spirit   .     (helmet restricted)
rElec  .         Reflect  .     (no cloak)
rCorr  .         Harm     .     (no gloves)
MR     .....                    (no boots)
Stlth  ..........               (no amulet)
                                (no ring)
                                t - ring of protection from cold

@: confused
A: claws 1, horns 1, molten scales 1, cold resistance 3
a: Depart the Abyss, Bend Space, Renounce Religion


You were on level 3 of the Dungeon.
You worshipped Lugonu.
Lugonu was pleased with you.
You were not hungry.

You visited 1 branch of the dungeon, and saw 3 of its levels.
You visited the Abyss 1 time.

You collected 183 gold pieces.

Inventory:

Hand Weapons
 e - a +0 dagger of freezing
 k - a +1 hand axe of electrocution (weapon)
Missiles
 j - 89 stones (quivered)
 l - 23 sling bullets
 p - 63 arrows
Armour
 i - a +0 scale mail (worn)
Jewellery
 t - a ring of protection from cold (left claw)
Scrolls
 h - a scroll of remove curse
 n - 2 scrolls of blinking {unknown}
Comestibles
 c - a bread ration
 g - 4 meat rations
 s - 4 chunks of flesh


   Skills:
 + Level 4.0 Fighting
 + Level 0.1 Short Blades
 + Level 0.6(1.8) Axes
   Level 2.7(2.8) Polearms
 - Level 0.8 Throwing
 + Level 2.8 Armour
 + Level 1.7 Dodging
 + Level 0.2 Stealth
 + Level 2.5 Invocations


You had 4 spell levels left.
You didn't know any spells.

Dungeon Overview and Level Annotations

Branches:
Dungeon (3/15)

Altars:

Annotations:
D:3 Sigmund


Innate Abilities, Weirdness & Mutations

You have sharp fingernails.
You are partially covered in molten scales. (AC +2)
Your flesh is almost immune to the effects of cold. (rC+++)
You have a pair of small horns on your head.


Message History

The puff of flame misses you.
You bump into the rock wall.
You bump into the rock wall.
You hear some strange, mumbled words.
A puff of flame appears from out of thin air!
The puff of flame misses you.
You feel less confused.
Sigmund appears from thin air!
Reactivating autopickup.
Sigmund closely misses you.
As you read the scroll labeled UMPAUH ZAJUO, it crumbles to dust.
The creatures around you are filled with an inner flame!
It was a scroll of immolation.
Sigmund barely misses you.
Sigmund points at you and mumbles some strange words.
You are confused.
You're too confused!
You bump into the rock wall.
You're too confused to move!
Sigmund closely misses you.
Sigmund hits you with a vampiric scythe!
You die...

#.......##.##....##
#.......##.##.##.#
#####.......##.......#
......###########.####
#####.# #.# ...##)#
#.# ##.##.# #.#
##.##.# #######@#
......# #.....@.#
##.########.#######
#......(...#
############


You could see Sigmund (inner flame).

Vanquished Creatures
  Ijyb (D:3)
  Natasha (D:2)
  6 adders
  A worm (D:3)
  A dart slug (D:1)
  3 leopard geckos (D:2)
  An orc (D:3)
  A ball python (D:2)
  6 bats
  4 giant cockroaches
  3 hobgoblins
  7 jackals
  3 quokkas
  4 frilled lizards
  4 goblins
  A jackal skeleton (D:3)
  4 kobolds
  A quokka skeleton (D:3)
  8 rats
60 creatures vanquished.

Notes
Turn   | Place    | Note
-------+----------+-------------------------------------------
     0 | Abyss:1  | N00M the Demonspawn Abyssal Knight began the quest for the Orb.
     0 | Abyss:1  | Reached XP level 1. HP: 18/18 MP: 2/2
    53 | Abyss:1  | Found a basalt altar of Yredelemnul.
    76 | Abyss:1  | Noticed an efreet
    84 | Abyss:1  | Noticed a quasit
    85 | Abyss:1  | Noticed a ynoxinul
    85 | D:1      | Escaped the Abyss
   292 | D:1      | Gained mutation: Your flesh is cold resistant. (rC+) [demonic ancestry]
   292 | D:1      | Reached XP level 2. HP: 19/24 MP: 3/3
   373 | D:1      | Reached * piety under Lugonu
   935 | D:2      | Gained mutation: You have sharp fingernails. [demonic ancestry]
   935 | D:2      | Reached XP level 3. HP: 28/29 MP: 4/4
  1233 | D:2      | Reached skill level 1 in Dodging
  1455 | D:2      | Noticed Natasha
  1467 | D:2      | Killed Natasha
  1467 | D:2      | Gained mutation: You are partially covered in molten scales. (AC +2) [demonic ancestry]
  1467 | D:2      | Reached XP level 4. HP: 11/37 MP: 5/5
  2147 | D:2      | Reached ** piety under Lugonu
  2216 | D:3      | Noticed Ijyb
  2252 | D:3      | Gained mutation: Your flesh is very cold resistant. (rC++) [potion of mutation]
  2252 | D:3      | Gained mutation: Your flesh is almost immune to the effects of cold. (rC+++) [potion of mutation]
  2252 | D:3      | Gained mutation: You have a pair of small horns on your head. [potion of mutation]
  2266 | D:3      | Killed Ijyb
  2803 | D:3      | Reached skill level 4 in Fighting
  2803 | D:3      | Reached XP level 5. HP: 42/42 MP: 6/6
  3000 | D:3      | Noticed Sigmund
  3034 | D:3      | HP: 2/42 [something (4)]
  3054 | D:3      | Slain by Sigmund

Skill      XL: |  1  2  3  4 |
---------------+-------------+-----
Armour         | 2 |  2.8
Polearms       | 2 |  2.7
Dodging        | 1 |  1.7
Fighting       | 4 |  4.0
Short Blades   | |  0.1
Axes           | |  0.6
Throwing       | |  0.8
Stealth        | |  0.2
Invocations    | |  2.5

Action                   |  1- 3 |  4- 6 || total
-------------------------+-------+-------++-------
Melee: Spear             |    98 |    79 ||   177
       Dagger            |   111 |       ||   111
       Hand axe          |       |    64 ||    64
       Headbutt          |       |    15 ||    15
Throw: Stone             |    26 |    15 ||    41
Invok: Depart the Abyss  |     1 |       ||     1
  Use: Scroll            |     7 |     2 ||     9
       Potion            |     1 |     2 ||     3
  Eat: Chunk             |     2 |     3 ||     5
       Bread ration      |       |     1 ||     1
Armor: Ring mail         |   115 |    34 ||   149
       Scale mail        |       |    34 ||    34
Dodge: Dodged            |   161 |    65 ||   226
